AoeStats
← joosephy

Pilgrims

507676915Analyzed
4v4 RM · 14d ago on Sep 19, 2026· 27m 47s· 8 players
Game mode
Random Map
Map size
Large (8 player)
Population
200
Speed
Normal
Resources
Standard
Victory
Conquest
Starting age
Dark Age
Ending age
Imperial Age
RankedLock teamsTeams togetherTeam positionsShared explorationLock speedFull tech treeHidden civsTurbo modeCheats
Victory
Defeat
🇨🇳 Bulgarians · China
1556
+12
🇨🇿 Sicilians · Czechia
1554
+12
🇹🇼 Khmer · Taiwan
1546
+12
🇨🇳 Malay · China
1492
+15
🇺🇸 Armenians · United States
1511
-14
🇺🇸 Persians · United States
1462
-13
🇺🇸 Koreans · United States
1444
-12
🇨🇭 Slavs · Switzerland
1436
-12
Morningstar
7:57 Loom
11:44 Feudal Age
12:25 Double-Bit Axe
12:51 Gold Mining
13:47 Town Watch
13:58 Fletching
16:57 Castle Age
15:31 Fishing Lines
17:06 Forging
17:02 Scale Barding Armor
17:52 Bow Saw
18:59 Iron Casting
18:38 Bloodlines
20:59 Husbandry
25:07 Horse Collar
BomBomB0
9:25 Loom
11:26 Feudal Age
12:47 Double-Bit Axe
12:49 Loom
14:07 Fletching
18:46 Castle Age
19:20 Fishing Lines
19:58 Medium Warships
19:49 Bodkin Arrow
21:59 Town Watch
23:27 Forging
23:38 Ballistics
23:30 Clinker Construction
26:10 Gillnets
Zlap
3:04 Loom
11:59 Feudal Age
15:35 Castle Age
14:17 Scale Barding Armor
14:22 Forging
14:57 Double-Bit Axe
16:59 Bow Saw
16:34 Fishing Lines
20:49 Wheelbarrow
20:48 Horse Collar
21:56 Gillnets
23:46 Bloodlines
23:49 Husbandry
25:55 Chain Barding Armor
KaLong
4:45 Loom
5:00 Loom
12:09 Feudal Age
15:17 Double-Bit Axe
17:22 Fletching
joosephy
4:12 Loom
11:46 Feudal Age
12:34 Double-Bit Axe
16:36 Wheelbarrow
16:22 Scale Barding Armor
16:29 Forging
19:40 Castle Age
18:26 Scale Barding Armor
19:33 Bloodlines
19:32 Fishing Lines
20:58 Bow Saw
21:20 Chain Barding Armor
20:22 Light Cavalry
22:07 Husbandry
23:36 Town Watch
27:30 Iron Casting
海的盒子
4:46 Loom
12:29 Feudal Age
12:55 Double-Bit Axe
13:11 Fishing Lines
14:29 Fletching
16:14 Gold Mining
21:53 Castle Age
24:01 Medium Warships
26:29 Pikeman
Kumi
3:41 Loom
7:14 Loom
10:03 Feudal Age
10:30 Town Watch
11:16 Double-Bit Axe
14:46 Stone Mining
18:06 Horse Collar
19:23 Fishing Lines
22:25 Fletching
25:42 Castle Age
25:39 Wheelbarrow
26:35 Medium Warships
26:37 Forging
28:22 Stone Shaft Mining
27:51 Gillnets
Yuzu
10:06 Loom
11:53 Feudal Age
12:12 Fishing Lines
12:27 Double-Bit Axe
17:20 Wheelbarrow
19:58 Castle Age
18:44 Forging
20:09 Hand Cart
20:20 Bow Saw
20:03 Gillnets
20:33 Medium Warships
22:53 Iron Casting
22:39 Siphons
24:15 Clinker Construction
25:31 Careening
27:02 Hand Cart
27:12 Fletching
Connection lost

Rejoining the realm…

Still unreachable

The connection could not be restored.

Session expired

The server has moved on; the page needs a fresh start.